 Dungeon Crawl Stone Soup version 0.24.0-37-gcf1ca852f1 (webtiles) character file.

Game seed: 8757452876898427730, levelgen mode: deterministic

51 Bombadil the Insei (level 3, 0/23 HPs)
             Began as an Octopode Transmuter on Nov 23, 2019.
             Slain by an orc (3 damage)
             ... on level 3 of the Dungeon.
             The game lasted 00:03:56 (1567 turns).

Bombadil the Insei (Octopode Transmuter)            Turns: 1567, Time: 00:03:57

Health: 0/23       AC:  1    Str:  9    XL:     3   Next: 81%
Magic:  2/6        EV: 13    Int: 16    God:
Gold:   147        SH:  0    Dex: 12    Spells: 4/7 levels left

rFire    . . .     SeeInvis .     - Unarmed
rCold    . . .     Gourm    .   (no shield)
rNeg     . . .     Faith    .   (helmet restricted)
rPois    .         Spirit   .   d - amulet of the acrobat
rElec    .         Reflect  .   j - ring of resist corrosion
rCorr    +         Harm     .   (no ring)
MR       .....                  (no ring)
Stlth    +++.......             (no ring)
HPRegen  0.07/turn              (no ring)
MPRegen  0.10/turn              (no ring)
                                (no ring)
                                (no ring)

@: appendage, hasted, very quick
A: almost no armour, stealthy swim, amphibious, 8 rings, constrict 8, tentacle
spike 3, camouflage 1, gelatinous body 1
a: End Transformation


You were on level 3 of the Dungeon.
You were not hungry.
One of your tentacles had a temporary spike.
You visited 1 branch of the dungeon, and saw 3 of its levels.

You collected 147 gold pieces.

Inventory:

Missiles
 a - 24 arrows
 i - 25 poisoned darts (quivered)
Jewellery
 d - an amulet of the acrobat (around mantle)
 j - a ring of resist corrosion (left tentacle)
 l - a +2 ring of slaying {unknown}
Scrolls
 b - a scroll of blinking {unknown}
 e - 3 scrolls of identify {unknown}
 k - a scroll of remove curse {unknown}
Comestibles
 c - a ration


   Skills:
 + Level 1.0 Fighting
 + Level 2.1 Dodging
 + Level 2.2 Stealth
 + Level 3.3 Unarmed Combat
 + Level 2.5 Spellcasting
 + Level 2.6 Transmutations


You had 4 spell levels left.
You knew the following spells:

 Your Spells              Type           Power        Failure   Level  Hunger
a - Beastly Appendage     Tmut           ##....       7%          1    #......
b - Sticks to Snakes      Tmut           ##......     11%         2    ##.....

Your spell library contained the following spells:

 Spells                   Type           Power        Failure   Level  Hunger
 Spider Form              Tmut/Pois      #.........   34%         3    ###....
 Ice Form                 Ice/Tmut       #.......     75%         4    #####..
 Blade Hands              Tmut           ##........   88%         5    ######.


Dungeon Overview and Level Annotations

Branches:
Dungeon (3/15)

Altars:
Ru
The Shining One


Innate Abilities, Weirdness & Mutations

You cannot wear most types of armour.
You are very stealthy in the water. (Stealth+)
You are amphibious.
You can wear up to eight rings at the same time.
You can use your tentacles to constrict eight enemies at once.
Your skin changes colour to match your surroundings (Stealth+).
Your rubbery body absorbs attacks. (AC +1, EV +1)
One of your tentacles bears a large vicious spike.


Message History

Casting: Sticks to Snakes (safe; 11% risk of failure)
Confirm with . or Enter, or press ? or * to list all spells.
You extend your transformation's duration.
You constrict the adder, but do no damage.
The adder completely misses you. The orc hits you.
* * * LOW HITPOINT WARNING * * *
The orc closely misses you.
You tentacle-slap the adder.
You pierce the adder.
You kill the adder!
Unknown command.
You tentacle-slap the orc. Your grab misses the orc.
The orc is heavily wounded.
The orc misses you. x2
Unknown command.
You tentacle-slap the orc. You grab the orc.
You pierce the orc, but do no damage.
The orc is severely wounded.
You constrict the orc.
The kobold throws a stone.
The stone barely misses you. The orc hits you.
You die...

## ...## #####
......##÷..##
............##
.............#
.............#
........K....#
o..$.......o.#
...>......o†@#
.....#..##.o.#
.....##.##...#
..# #. #....
#. ####.# .#
.# ..


You could see 3 orcs and a kobold.

Vanquished Creatures
  2 adders
  An ooze (D:1)
  2 worms (D:2)
  A dart slug (D:2)
  A leopard gecko (D:3)
  A giant cockroach (D:1)
  3 goblins
  A hobgoblin (D:2)
  2 kobolds (D:1)
  A quokka (D:2)
  2 bats
  4 frilled lizards
  4 rats
25 creatures vanquished.

Notes
Turn   | Place    | Note
-------+----------+-------------------------------------------
     0 | D:1      | Bombadil the Octopode Transmuter began the quest for the
                  | Orb.
     0 | D:1      | Reached XP level 1. HP: 13/13 MP: 3/3
   649 | D:1      | Reached XP level 2. HP: 18/18 MP: 3/5
   697 | D:1      | Learned a level 2 spell: Sticks to Snakes
  1083 | D:2      | Reached skill level 1 in Stealth
  1084 | D:2      | Found a faded altar of an unknown god.
  1273 | D:2      | Reached XP level 3. HP: 18/23 MP: 4/6
  1306 | D:2      | Found a glowing golden altar of the Shining One.
  1388 | D:2      | Found a sacrificial altar of Ru.
  1567 | D:3      | Slain by an orc

Levels and vault maps discovered:
D:1:      minmay_arrival_four_loops, layout_loops_ring
D:2:      layout_rooms, overflow_temple_1_default,
          chequers_ecumenical_altar_simple, hangedman_ru_absence
D:3:      layout_rooms, first_ration, cheibrodos_sewer_entry_bend, uniq_sigmund

Skill      XL: |  1  2  3 |
---------------+----------+-----
Stealth        | 1 2 |  2.2
Fighting       | |  1.0
Dodging        | |  2.1
Unarmed Combat | |  3.3
Spellcasting   | |  2.5
Transmutations | |  2.6

Action                   || total
-------------------------++-------
Melee: Unarmed           ||    56
       Constrict         ||    15
       Kick              ||    11
       Tentacles         ||     6
       Punch             ||     1
 Cast: Beastly Appendage ||    20
       Sticks to Snakes  ||     2
  Use: Potion            ||     4
 Stab: Sleeping          ||     7
  Eat: Chunk             ||     2
Armor: Skin              ||     1
Dodge: Dodged            ||    36
